 Dungeon Crawl Stone Soup version 0.21-a0-150-gc243083 (webtiles) character file.

24634 sscrono2 the Covert (level 13, -5/135 HPs)
             Began as an Octopode Assassin on July 26, 2017.
             Was a High Priest of Wu Jian.
             Slain by an eight-headed hydra (7 damage)
             ... on level 13 of the Dungeon.
             The game lasted 00:35:44 (14564 turns).

sscrono2 the Covert (Octopode Assassin)            Turns: 14564, Time: 00:35:45

Health: -5/135     AC:  3    Str: 20    XL:     13   Next: 14%
Magic:  29/29      EV: 18    Int: 16    God:    Wu Jian [*****.]
Gold:   705        SH:  0    Dex: 13    Spells: 4/19 levels left

rFire    . . .     SeeInvis .   a - +1 rapier (elec)
rCold    . . .     Gourm    .   (no shield)
rNeg     + . .     Faith    .   (helmet restricted)
rPois    +         Spirit   .   U - amulet of rage
rElec    .         Reflect  .   u - ring of flight
rCorr    .         Harm     .   A - ring of poison resistance
MR       .....     Clarity  +   G - ring of positive energy
Stlth    ..........             D - ring of magical power
HPRegen  0.32/turn              (no ring)
MPRegen  0.21/turn              (no ring)
                                (no ring)
                                (no ring)

@: berserking, very quick
A: almost no armour, stealthy swim, amphibious, 8 rings, constrict 8, thin
metallic scales 1, camouflage 1, clarity, clever 1, high mp 1, gelatinous body 1
a: Serpent's Lash, Heavenly Storm, Renounce Religion, Evoke Berserk Rage, Evoke
Flight


You were on level 13 of the Dungeon.
You worshipped Wu Jian.
Wu Jian was extremely pleased with you.
You were very hungry.

You visited 2 branches of the dungeon, and saw 14 of its levels.

You collected 1150 gold pieces.
You spent 445 gold pieces at shops.

Inventory:

Hand Weapons
 a - a +1 rapier of electrocution (weapon)
 b - a +0 blowgun
Missiles
 c - 39 poisoned needles
 d - 2 curare-tipped needles
 o - 5 needles of sleeping
Jewellery
 u - a ring of flight (left tentacle)
 x - an uncursed amulet of regeneration
 A - a ring of poison resistance (right tentacle)
 C - an uncursed ring of fire
 D - a ring of magical power (on tentacle)
 G - a ring of positive energy (on tentacle)
 T - a +2 amulet of reflection
 U - an amulet of rage (around mantle)
Wands
 j - a wand of clouds (0/9)
 z - a wand of acid (0/15)
 K - a wand of acid (6/15)
 P - a wand of lightning (4/15)
Scrolls
 e - 2 scrolls of fog
 l - 2 scrolls of remove curse
 n - a scroll of random uselessness {unknown}
 p - a scroll of brand weapon {unknown}
 q - 6 scrolls of magic mapping
 r - 2 scrolls of immolation {unknown}
 t - 12 scrolls of teleportation
 w - 3 scrolls of enchant weapon
 y - 2 scrolls of noise {unknown}
 B - a scroll of recharging {unknown}
 Q - a scroll of silence {unknown}
 R - 3 scrolls of enchant armour
Potions
 i - 2 potions of cancellation
 k - 2 potions of flight
 m - 4 potions of curing
 v - a potion of agility {unknown}
 H - a potion of lignification {unknown}
 I - 3 potions of brilliance
 L - a potion of resistance {unknown}
 M - a potion of degeneration {unknown}
 O - a potion of magic {unknown}
 S - a potion of berserk rage {unknown}
Books
 F - a book of Cantrips

   Spells                             Type                      Level
   a - Confusing Touch                Hexes                        1
   b - Animate Skeleton               Necromancy                   1
   c - Summon Small Mammal            Summoning                    1
   d - Apportation                    Translocation                1
 W - a book of Enchantments

   Spells                             Type                      Level
   a - Cause Fear                     Hexes                        4
   b - Yara's Violent Unravelling     Hexes/Transmutation          5
   c - Silence                        Hexes/Air                    5
   d - Deflect Missiles               Charms/Air                   6
   e - Discord                        Hexes                        8
Comestibles
 f - 6 bread rations
 g - 11 royal jellies
 h - 7 meat rations
 J - 9 fruits


   Skills:
 + Level 9.3 Fighting
 - Level 8.2 Short Blades
 - Level 2.0 Throwing
 + Level 9.3 Dodging
 + Level 13.4 Stealth
   Level 11.0 Shields
 * Level 3.8 Spellcasting
 * Level 4.2 Hexes
 * Level 3.3 Charms
 * Level 3.2 Air Magic


You had 4 spell levels left.
You knew the following spells:

 Your Spells              Type           Power        Failure   Level  Hunger
a - Apportation           Tloc           #.....       17%         1    None
b - Discord               Hex            ###.......   100%        8    #######
c - Deflect Missiles      Chrm/Air       ##........   100%        6    #######


Dungeon Overview and Level Annotations

Branches:
Dungeon (13/15)            Temple (1/1) D:4            Lair (0/6) D:9
    Orc (0/2) D:11
 Vaults: D:13-14

Altars:
Ashenzari
Cheibriados
Dithmenos
Elyvilon
Fedhas
Gozag
Hepliaklqana
Kikubaaqudgha
Makhleb
Nemelex Xobeh
Okawaru
Qazlal
Ru
Sif Muna
Trog
Uskayaw
Vehumet
Wu Jian
Xom
Yredelemnul
Zin
The Shining One
Beogh

Shops:
D:5 (   D:6 %   D:11 (*[(

Annotations:
D:13 Urug


Innate Abilities, Weirdness & Mutations

You cannot wear most types of armour.
You are very stealthy in the water. (Stealth+)
You are amphibious.
You can wear up to eight rings at the same time.
You can use your tentacles to constrict eight enemies at once.
Your skin changes colour to match your surroundings (Stealth+).
Your rubbery body absorbs attacks. (AC +1, EV +1)
You are partially covered in thin metallic scales. (AC +2)
You possess an exceptional clarity of mind.
Your mind is acute. (Int +2)
You have an increased reservoir of magic. (+10% MP)


Message History

* * * LOW HITPOINT WARNING * * *
The eight-headed hydra bites you.
* * * LOW HITPOINT WARNING * * *
You spin and attack the eight-headed hydra.
You puncture the eight-headed hydra!
Lightning courses through the eight-headed hydra!
The eight-headed hydra is severely wounded.
You puncture the eight-headed hydra!
Lightning courses through the eight-headed hydra!
The eight-headed hydra is almost dead.
The eight-headed hydra closely misses you.
The eight-headed hydra bites you.
* * * LOW HITPOINT WARNING * * *
The eight-headed hydra barely misses you.
The eight-headed hydra completely misses you.
The eight-headed hydra bites you!
* * * LOW HITPOINT WARNING * * *
The eight-headed hydra closely misses you.
The eight-headed hydra bites you!
You die...

...+.. #....... ..(#. ###
#.......
###..#######(#############.......
.......((.....(..................
≈≈....((≈≈≈......................
≈≈≈...≈≈≈≈≈≈.(...#########.......
≈≈)...((≈≈≈≈≈....#.......#.......
((≈...p(≈≈≈≈≈....#.......'.......
###'''###))###..@#.......#.......
# #...# #...##.D.#.......#..<..<.
# #...# #...##...#########.......
# #...# #...##...................
###)#.####'###...................
o...........###########.#########
...)).......# #.# .).....)...)#
#.# ####+######## ###


You could see an eight-headed hydra.

Vanquished Creatures
  Erolcha (D:10)
  2 vault guards (D:13)
  4 two-headed ogres
  An ogre mage (D:13)
  An unseen horror (D:11)
  The ghost of KKCryptic the Nimble, a novice MfIE of Vehumet (D:7)
  A wizard (D:13)
  Pikel (D:8)
  A deep elf mage (D:12)
  The ghost of deifeln the Cleaver, a novice DsBe of Trog (D:6)
  4 ugly things
  Joseph (D:8)
  A gargoyle (D:13)
  A yaktaur (D:13)
  Grinder (D:5)
  3 trolls
  5 hippogriffs
  A shadow (D:12)
  Sigmund (D:2)
  2 wyverns (D:12)
  10 yaks
  3 hogs (D:9)
  A basilisk (D:12)
  A human (D:9)
  A hungry ghost (D:7)
  Menkaure (D:5)
  An acid dragon (D:12)
  2 porcupines (D:9)
  2 phantoms
  2 slaves (D:8)
  19 orc warriors
  6 ice beasts
  2 black bears
  10 ogres
  A necrophage (D:8)
  10 centaurs
  A crocodile (D:9)
  4 big kobolds
  4 bullfrogs
  A water moccasin zombie (D:6)
  2 scorpions
  An electric eel (D:8)
  A crimson imp (D:11)
  3 howler monkeys
  3 bullfrog zombies
  2 hounds
  10 orc priests
  3 jellies
  17 orc wizards
  A bullfrog skeleton (D:10)
  2 centaur skeletons
  Jessica (D:3)
  2 iguanas
  4 worker ants
  2 hound skeletons
  10 adders
  2 shadow imps
  2 adder skeletons
  3 worms
  2 dart slugs
  8 leopard geckos
  71 orcs
  3 bats
  6 giant cockroaches
  14 hobgoblins
  8 jackals
  24 kobolds
  4 quokkas
  4 ball pythons
  10 frilled lizards
  8 goblins
  A quokka skeleton (D:5)
  2 quokka zombies (D:5)
  7 rats
359 creatures vanquished.

Vanquished Creatures (others)
  2 slaves (D:8)
  7 fungi (D:9)
9 creatures vanquished.

Grand Total: 368 creatures vanquished

Notes
Turn   | Place    | Note
-------+----------+-------------------------------------------
     0 | D:1      | sscrono2 the Octopode Assassin began the quest for the Orb.
     0 | D:1      | Reached XP level 1. HP: 14/14 MP: 1/1
   182 | D:1      | Reached XP level 2. HP: 19/19 MP: 2/2
   731 | D:2      | Reached XP level 3. HP: 21/24 MP: 3/3
   900 | D:2      | Reached XP level 4. HP: 29/29 MP: 4/4
   969 | D:2      | Found a faded altar of an unknown god.
  1272 | D:2      | Noticed Sigmund
  1300 | D:2      | HP: 1/29 [something (5)]
  1302 | D:2      | Killed Sigmund
  1302 | D:2      | Reached XP level 5. HP: 1/34 MP: 5/5
  1686 | D:2      | Reached XP level 6. HP: 39/39 MP: 6/6
  1786 | D:2      | Became a worshipper of the Wu Jian Council
  1786 | D:2      | Reached * piety under Wu Jian
  2131 | D:3      | Noticed Jessica
  2143 | D:3      | Killed Jessica
  2169 | D:3      | Reached ** piety under Wu Jian
  2670 | D:4      | Reached XP level 7. HP: 29/45 MP: 7/7
  2789 | D:4      | Found a sparkling altar of Nemelex Xobeh.
  2844 | D:4      | Found a staircase to the Ecumenical Temple.
  2854 | D:4      | Found a deep blue altar of Sif Muna.
  3000 | Temple   | Entered the Ecumenical Temple
  3514 | D:5      | Entered Level 5 of the Dungeon
  3650 | D:5      | Reached skill level 6 in Stealth
  3650 | D:5      | Reached XP level 8. HP: 46/51 MP: 8/8
  3729 | D:5      | Noticed Grinder
  3748 | D:5      | Killed Grinder
  3843 | D:5      | Reached skill level 7 in Stealth
  3855 | D:5      | Noticed Menkaure
  3863 | D:5      | Killed Menkaure
  3867 | D:5      | Found a blossoming altar of Fedhas.
  4095 | D:5      | Found a bloodstained altar of Trog.
  4130 | D:5      | Reached *** piety under Wu Jian
  4256 | D:5      | Found Yczir's Antique Weapon Emporium.
  4696 | D:6      | Found a hazy altar of Hepliaklqana.
  4805 | D:6      | Reached skill level 8 in Stealth
  4812 | D:6      | Reached XP level 9. HP: 32/59 MP: 9/9
  5074 | D:6      | Noticed deifeln's ghost (novice DsBe)
  5077 | D:6      | Gained mutation: Your body sometimes deteriorates upon taking damage. [potion of mutation]
  5077 | D:6      | Gained mutation: You are partially covered in thin metallic scales. (AC +2) [potion of mutation]
  5078 | D:6      | Lost mutation: Your body sometimes deteriorates upon taking damage. [potion of mutation]
  5078 | D:6      | Gained mutation: You have an increased reservoir of magic. (+10% MP) [potion of mutation]
  5078 | D:6      | Gained mutation: Your mind is acute. (Int +2) [potion of mutation]
  5078 | D:6      | Gained mutation: You possess an exceptional clarity of mind. [potion of mutation]
  5527 | D:6      | Found Gompyabe's Food Shoppe.
  5541 | D:6      | Reached skill level 5 in Fighting
  5541 | D:6      | Reached skill level 5 in Dodging
  5809 | D:6      | Killed deifeln's ghost
  5809 | D:6      | Reached skill level 9 in Stealth
  6077 | D:7      | Reached XP level 10. HP: 68/68 MP: 11/11
  6136 | D:7      | Reached **** piety under Wu Jian
  6222 | D:7      | Noticed KKCryptic's ghost (novice MfIE)
  6276 | D:7      | Killed KKCryptic's ghost
  6365 | D:7      | Found an iron altar of Okawaru.
  6983 | D:8      | Found a glowing golden altar of the Shining One.
  6983 | D:8      | Found a white marble altar of Elyvilon.
  6983 | D:8      | Found a glowing silver altar of Zin.
  7108 | D:8      | Noticed Joseph
  7121 | D:8      | Killed Joseph
  7121 | D:8      | Reached skill level 10 in Stealth
  7285 | D:8      | Reached XP level 11. HP: 73/74 MP: 12/12
  7299 | D:8      | Noticed Pikel
  7326 | D:8      | Killed Pikel
  7526 | D:8      | Found a radiant altar of Vehumet.
  7526 | D:8      | Found a stormy altar of Qazlal.
  7648 | D:8      | Learned a level 1 spell: Apportation
  8441 | D:9      | Noticed a two-headed ogre
  8444 | D:9      | Killed a two-headed ogre
  8536 | D:9      | Reached skill level 11 in Stealth
  8811 | D:9      | Found a staircase to the Lair.
  8869 | D:9      | Noticed a two-headed ogre
  8874 | D:9      | Killed a two-headed ogre
  9174 | D:10     | Entered Level 10 of the Dungeon
  9251 | D:10     | Noticed Erolcha
  9253 | D:10     | Paralysed by Erolcha for 5 turns
  9337 | D:10     | Reached skill level 12 in Stealth
  9747 | D:10     | Killed Erolcha
  9747 | D:10     | Reached XP level 12. HP: 59/84 MP: 13/13
 10245 | D:10     | Reached ***** piety under Wu Jian
 10498 | D:11     | Found a staircase to the Orcish Mines.
 10647 | D:11     | Found Ryosul's Assorted Antiques.
 10670 | D:11     | Bought a scroll labeled PITSENA HEOM for 28 gold pieces
 10670 | D:11     | Bought a scroll labeled PITSENA HEOM for 28 gold pieces
 10670 | D:11     | Bought a puce potion for 25 gold pieces
 10670 | D:11     | Bought a triangular citrine amulet for 140 gold pieces
 10670 | D:11     | Bought a runed peridot amulet for 140 gold pieces
 10670 | D:11     | Bought a scroll of teleportation for 84 gold pieces
 10676 | D:11     | Found Olusief's Antique Armour Shoppe.
 11022 | D:10     | Learned a level 8 spell: Discord
 11022 | D:10     | Upgraded the game from 0.21-a0-143-g1ab7d47 to 0.21-a0-150-gc243083
 11551 | D:11     | Reached skill level 13 in Stealth
 11551 | D:11     | Reached skill level 1 in Spellcasting
 11551 | D:11     | Reached skill level 1 in Hexes
 11689 | D:11     | Found Umnaezeb's Weapon Emporium.
 11924 | D:11     | Found a roughly hewn altar of Beogh.
 12047 | D:11     | Found Boellakecs's Weapon Emporium.
 12770 | D:11     | Learned a level 6 spell: Deflect Missiles
 13022 | D:12     | Reached skill level 1 in Air Magic
 13037 | D:12     | Reached skill level 1 in Charms
 13811 | D:12     | Noticed a two-headed ogre
 14014 | D:12     | Killed a two-headed ogre
 14086 | D:13     | Noticed Urug
 14107 | D:13     | Noticed an eight-headed hydra
 14150 | D:13     | Noticed a two-headed ogre
 14153 | D:13     | Killed a two-headed ogre
 14186 | D:13     | Noticed a vault guard
 14195 | D:13     | Killed a vault guard
 14195 | D:13     | Reached XP level 13. HP: 66/90 MP: 20/20
 14201 | D:13     | Noticed a vault guard
 14206 | D:13     | Killed a vault guard
 14475 | D:13     | Noticed a vault guard
 14564 | D:13     | HP: 2/135 [eight-headed hydra (12)]
 14564 | D:13     | Slain by an eight-headed hydra

Vault maps used:
D:1:      minmay_arrival_three_doors
D:2:      minmay_wonky_spiral, chequers_ecumenical_altar_simple, uniq_sigmund
D:3:      corexii_shack_village, kennysheep_generic_room_12, uniq_jessica
D:4:      lemuel_crystal_altar, nemelex_xobeh_ov_fountains_minmay, temple_pool_b
D:5:      lightli_temple_of_fire, first_bread, serial_bayou,
          serial_bayou_shore_a, serial_bayou_pond_e, serial_bayou_lagoon_a,
          serial_bayou_pond_d, serial_bayou_pond_d, serial_shops,
          kennysheep_little_box, fedhas_altar_1, uniq_menkaure, uniq_grinder
D:6:      lemuel_crystal_altar, serial_shops, nicolae_shop_behind_doors,
          kennysheep_nondescript, minmay_misc_feat_roman, serial_bayou_pond_a
D:7:      old_standard_altar, hangedman_glass_teeth
D:8:      good_gods_mini_temple, gammafunk_temple_overflow_elements,
          serial_bayou_ford_a, uniq_pikel, uniq_joseph
D:9:      grunt_lair_entry_orc_guard_hut, grunt_livestock,
          minmay_misc_feat_secret_circle
D:10:     uniq_erolcha
D:11:     erik_orc_3, serial_shops, shop, shop_coins, shop, shop,
          statue_in_the_mist_lemuel, minmay_joined_circles
D:12:     st_stairs_10
D:13:     hangedman_cross_stitches, grunt_vaults_entry_fortified, uniq_urug
Temple:   chequers_temple_sunken

Skill      XL: |  1  2  3  4  5  6  7  8  9 10 11 12 13 |
---------------+----------------------------------------+-----
Short Blades   | 3 4 6 7 8 |  8.2
Dodging        | 2 4 5 6 8 9 |  9.3
Stealth        | 6 8 9 10 12 13 | 13.4
Fighting       | 4 6 8 9 |  9.3
Shields        | 11 | 11.0
Spellcasting   | 3 |  3.8
Hexes          | 4 |  4.2
Air Magic      | 3 |  3.2
Charms         | 2 3 |  3.3
Throwing       | |  2.0

Action                   |  1- 3 |  4- 6 |  7- 9 | 10-12 | 13-15 || total
-------------------------+-------+-------+-------+-------+-------++-------
Melee: Dagger            |    60 |    64 |       |       |       ||   124
       Constrict         |    12 |    27 |    29 |    70 |     2 ||   140
       Tentacles         |     8 |    16 |    41 |    90 |       ||   155
       Short sword       |       |    54 |   180 |     2 |       ||   236
       Rapier            |       |       |       |   571 |    11 ||   582
 Fire: Blowgun           |       |       |       |       |    46 ||    46
Throw: Throwing net      |       |     1 |       |     1 |     2 ||     4
Invok: Serpent's Lash    |       |       |       |     2 |     1 ||     3
       Heavenly Storm    |       |       |       |     1 |       ||     1
 Abil: Evoke Berserk Rag |       |       |       |     4 |     1 ||     5
Evoke: Wand              |       |       |       |     4 |       ||     4
       Box of beasts     |       |       |       |     2 |       ||     2
  Use: Scroll            |     2 |       |     7 |    13 |       ||    22
       Potion            |       |       |     6 |    10 |       ||    16
 Stab: Sleeping          |    16 |    14 |    19 |    34 |     3 ||    86
       Distracted        |       |     3 |     2 |     9 |       ||    14
       Held in net/web   |       |       |       |     1 |     1 ||     2
  Eat: Chunk             |       |     1 |    11 |    21 |     1 ||    34
       Bread ration      |       |     1 |       |     2 |       ||     3
Armor: Skin              |     3 |     3 |     8 |    23 |     1 ||    38
Dodge: Dodged            |    24 |    44 |    64 |   283 |    22 ||   437
